 Dungeon Crawl Stone Soup version 0.17-a0-1-g1f4be75 (webtiles) character file.

1705 McCoppin the Carver (level 8, -7/58 HPs)
             Began as a Demonspawn Chaos Knight on Mar 5, 2015.
             Mangled by a goliath beetle (19 damage)
             ... on level 6 of the Dungeon.
             The game lasted 00:25:49 (7491 turns).

McCoppin the Carver (Demonspawn Chaos Knight)       Turns: 7491, Time: 00:25:49

Health: -7/58      AC: 17    Str: 15    XL:     8   Next: 73%
Magic:  8/8        EV: 11    Int: 14    God:    Xom [*.....]
Gold:   267        SH:  0    Dex:  9    Spells: 0 memorised, 7 levels left

rFire  . . .     SeeInvis .     a - +0 falchion (flame)
rCold  . . .     Clarity  +     b - +2 leather armour
rNeg   . . .     SustAb   +     (no shield)
rPois  .         Gourm    .     (no helmet)
rElec  .         Spirit   .     (no cloak)
rCorr  .         Warding  .     d - +1 pair of gloves
rMut   .         Stasis   .     (no boots)
MR     .....                    (no amulet)
Stlth  +.........               (no ring)
                                p - ring of sustain abilities

@: not resistant to hostile enchantments, very unstealthy
A: rough black scales 3, blink 1, clarity, demonic guardian 1
a: Blink, Renounce Religion


You were on level 6 of the Dungeon.
You worshipped Xom.
You were a special plaything of Xom.
You were not hungry.

You visited 1 branch of the dungeon, and saw 6 of its levels.

You collected 267 gold pieces.

Inventory:

Hand weapons
 a - a +0 falchion of flaming (weapon)
Armour
 b - a +2 leather armour (worn)
 d - a +1 pair of gloves (worn)
 f - a +0 plate armour
Jewellery
 p - a ring of sustain abilities (left hand)
Magical devices
 j - a wand of polymorph (1)
Scrolls
 e - 3 scrolls of fear
 g - a scroll of noise
 h - 5 scrolls of identify
 i - 4 scrolls of remove curse
 k - a scroll of teleportation
 m - a scroll of magic mapping
Potions
 l - a potion of curing
 r - a potion of poison
Comestibles
 c - a bread ration
 n - a meat ration
 o - 5 chunks of flesh
 q - a slice of pizza


   Skills:
 - Level 3.0 Fighting
 - Level 10.0 Long Blades
 + Level 4.0 Armour
 - Level 0.8 Dodging


You had 7 spell levels left.
You didn't know any spells.

Dungeon Overview and Level Annotations

Branches:
Dungeon (6/15)
 Temple: D:4-7

Altars:
Cheibriados
Gozag
Makhleb
Sif Muna
Xom
Zin

Annotations:
D:5 Prince Ribbit


Innate Abilities, Weirdness & Mutations

You are completely covered in rough black scales (AC +10, Dex -3).
A weak demonic guardian rushes to your aid.
You can translocate small distances at will.
You possess an exceptional clarity of mind.


Message History

The goliath beetle is heavily wounded.
You hit the goliath beetle. You burn the goliath beetle.
The goliath beetle is heavily wounded.
You hit the goliath beetle. You burn the goliath beetle.
The goliath beetle is severely wounded.
The goliath beetle closely misses you.
You hit the goliath beetle but do no damage.
The goliath beetle is severely wounded.
You completely miss the goliath beetle.
The goliath beetle is severely wounded.
The goliath beetle bites you!
* * * LOW HITPOINT WARNING * * *
You hit the goliath beetle but do no damage.
The goliath beetle is severely wounded.
You hit the goliath beetle but do no damage.
The goliath beetle is severely wounded.
You hit the goliath beetle. You burn the goliath beetle.
The goliath beetle is almost dead.
The goliath beetle bites you!!
You die...

### ##.....##
##........####.÷## ..##
###..##
##..............##
...## #...##
#.............### ....#
###.(###..............#
....#
##..#..............##
...##
##...b..b....††..##
.### ##..b...........#
## ## #.....b..b.....##
##. #....@........##
##.. #...B.........#
##... ##..>.......###
##<... ##......####
##..... #####.##
#...... ## #.?....
##..... ###..# ####


You could see a goliath beetle.

Vanquished Creatures
  Menkaure (D:5)
  A centaur (D:5)
  2 ogres
  A scorpion (D:6)
  13 orc wizards
  A centaur skeleton (D:5)
  4 orc priests
  A quasit (D:6)
  2 hounds (D:4)
  2 iguanas (D:4)
  3 worker ants
  A sheep (D:1)
  3 gnolls (D:2)
  6 adders
  3 worms
  An adder skeleton (D:4)
  4 giant geckos
  32 orcs
  2 ball pythons
  2 bat zombies
  2 giant cockroaches
  14 hobgoblins
  12 kobolds
  4 quokkas
  12 bats
  9 giant newts
  9 goblins
  7 jackals
  11 rats
165 creatures vanquished.

Vanquished Creatures (collateral kills)
  Grinder (D:4)
  The ghost of McCoppin the Slasher, an average DsCK of Xom (D:3)
  A giant frog (D:6)
  A scorpion (D:6)
  2 orc wizards
  An adder (D:6)
  A gnoll (D:2)
  2 orcs (D:4)
  2 giant cockroaches (D:3)
12 creatures vanquished.

Vanquished Creatures (others)
  3 crimson imps
  3 iron imps
  5 quasits
  4 white imps
  3 ufetubi
18 creatures vanquished.

Grand Total: 195 creatures vanquished

Notes
Turn   | Place    | Note
--------------------------------------------------------------
     0 | D:1      | McCoppin, the Demonspawn Chaos Knight, began the quest for the Orb.
     0 | D:1      | Reached XP level 1. HP: 18/18 MP: 1/1
   219 | D:1      | Gained mutation: A weak demonic guardian rushes to your aid. [demonic ancestry]
   219 | D:1      | Reached XP level 2. HP: 24/24 MP: 2/2
   310 | D:1      | XOM: mild Chrm miscast
   496 | D:1      | XOM: polymorph goblin -> giant cockroach
   564 | D:1      | XOM: fog
   752 | D:1      | XOM: colour smoke trail
   844 | D:1      | Reached skill level 4 in Long Blades
   844 | D:1      | Reached XP level 3. HP: 19/29 MP: 3/3
   845 | D:1      | XOM: silly message
  1162 | D:2      | Reached XP level 4. HP: 16/35 MP: 4/4
  1473 | D:2      | XOM: silly message
  1784 | D:2      | Reached skill level 5 in Long Blades
  2321 | D:3      | Noticed McCoppin's ghost (average DsCK)
  2321 | D:3      | XOM: cast spell 'Summon Ice Beast'
  2323 | D:3      | Reached XP level 5. HP: 33/41 MP: 5/5
  2344 | D:3      | XOM: summons 3 friendly demons
  2355 | D:3      | Killed McCoppin's ghost
  2765 | D:3      | XOM: colour smoke trail
  3183 | D:3      | XOM: god gift: scroll labeled SAFETE VEICVA
  3275 | D:4      | Noticed Grinder
  3288 | D:4      | Killed Grinder
  3288 | D:4      | Reached skill level 6 in Long Blades
  3288 | D:4      | Gained mutation: You are partially covered in rough black scales (AC +4, Dex -1). [demonic ancestry]
  3288 | D:4      | Reached XP level 6. HP: 37/47 MP: 6/6
  3291 | D:4      | XOM: mild Necr miscast
  3481 | D:4      | Reached skill level 7 in Long Blades
  3610 | D:4      | XOM: draining
  3904 | D:4      | Found a snail-covered altar of Cheibriados.
  3974 | D:4      | XOM: medium Air miscast
  4003 | D:4      | Gained mutation: You are mostly covered in rough black scales (AC +7, Dex -2). [demonic ancestry]
  4003 | D:4      | Reached XP level 7. HP: 25/52 MP: 7/7
  4535 | D:4      | XOM: medium Fire miscast
  4568 | D:4      | Reached skill level 8 in Long Blades
  4997 | D:4      | XOM: noise
  5125 | D:4      | Found a burning altar of Makhleb.
  5262 | D:4      | Found an opulent altar of Gozag.
  5263 | D:4      | Found a glowing silver altar of Zin.
  5307 | D:5      | Entered Level 5 of the Dungeon
  5307 | D:5      | Noticed Prince Ribbit
  5469 | D:4      | XOM: stat loss: -1 Dex (9/10)
  5738 | D:5      | Reached skill level 9 in Long Blades
  5738 | D:5      | Gained mutation: You are completely covered in rough black scales (AC +10, Dex -3). [demonic ancestry]
  5738 | D:5      | Reached XP level 8. HP: 40/58 MP: 8/8
  5768 | D:5      | XOM: give mutations
  5768 | D:5      | Gained mutation: You possess an exceptional clarity of mind. [Xom's grace]
  5768 | D:5      | Gained mutation: You can translocate small distances at will. [Xom's grace]
  5909 | D:5      | Noticed Menkaure
  5918 | D:5      | Killed Menkaure
  5943 | D:5      | XOM: scenery: create altars
  6052 | D:5      | XOM: silly message
  6224 | D:5      | Found a deep blue altar of Sif Muna.
  6289 | D:5      | XOM: noise
  6304 | D:5      | XOM: swap monsters
  6337 | D:6      | XOM: 2-stop teleportation journey
  6469 | D:6      | XOM: medium Fire miscast
  6575 | D:6      | XOM: severe Chrm miscast
  6743 | D:6      | Reached skill level 10 in Long Blades
  6848 | D:6      | XOM: 1-stop teleportation journey
  6856 | D:6      | XOM: noise
  6901 | D:6      | XOM: polymorph crimson imp -> quasit
  6904 | D:6      | XOM: silly message
  7049 | D:6      | XOM: summons friendly crimson imp
  7078 | D:6      | XOM: polymorph crimson imp -> quasit
  7403 | D:6      | XOM: 2-stop teleportation journey
  7473 | D:6      | XOM: 3-stop teleportation journey
  7481 | D:6      | XOM: butterfly on damage
  7491 | D:6      | Mangled by a goliath beetle

Action                   |  1- 3 |  4- 6 |  7- 9 || total
-------------------------+-------+-------+-------++-------
Melee: Falchion          |   113 |   218 |   498 ||   829
  Use: Scroll            |     2 |     5 |     2 ||     9
       Potion            |       |     8 |     1 ||     9
 Stab: Paralysed         |     2 |       |       ||     2
       Distracted        |       |     1 |     4 ||     5
  Eat: Chunk             |       |     2 |     7 ||     9
       Bread ration      |       |     2 |     1 ||     3
